Map: [ESL] Altitude

Players

Coffee

  • Race: Terran Terran
  • Spawn Location: 1:00

Nice - Winner!

  • Race: Protoss Protoss
  • Spawn Location: 7:00

Event: ESL SC2 Masters 2023 Summer (Regionals)

VOD

Have the link to the VOD?

Description

Time

  • Played on: May 19, 2023, 9:20 a.m.
  • Length: 8:18

All games in this series

Show
View Real Time Build Order
Export as new Build Order

Coffee Terran 

Build Orders: Reaper Expand 

Get SALT Encoding   

  12  0:00  SCV  
  13  0:12  SCV  
  14  0:17  Supply Depot  
  14  0:26  SCV  
  15  0:38  SCV  
  15  0:39  Barracks  
  16  0:43  Refinery  
  16  0:50  SCV  
  17  1:02  SCV  
  18  1:14  SCV  
  19  1:26  Orbital Command, Reaper  
  20  1:41  Command Center  
  20  1:50  Supply Depot  
  20  1:53  SCV  
  21  1:58  Marine  
  22  2:05  SCV  
  23  2:08  Factory  
  23  2:17  SCV  
  23  2:18  Bunker  
  23  2:20  Barracks Reactor  
  24  2:24  Refinery  
  24  2:29  SCV  
  25  2:41  SCV  
  26  2:52  Hellion  
  26  2:53  Orbital Command, SCV  
  26  2:55  Starport  
  29  3:04  Marine x2  
  31  3:08  SCV  
  32  3:13  Factory Tech Lab  
  32  3:20  SCV  
  32  3:21  SCV  
  32  3:22  Marine x2  
  36  3:31  Cyclone  
  39  3:34  Viking  
  39  3:39  SCV  
  42  3:43  Marine x2  
  44  3:49  SCV  
  44  3:51  SCV, Supply Depot  
  46  4:00  Barracks  
  46  4:06  Marine, SCV  
  46  4:12  Marine, Siege Tank, SCV  
  46  4:15  Starport Tech Lab  
  51  4:18  SCV  
  52  4:24  SCV  
  52  4:28  Barracks  
  52  4:30  SCV  
  54  4:31  Supply Depot  
  54  4:34  Supply Depot  
  54  4:43  Engineering Bay  
  54  4:45  Refinery  
  54  4:48  Barracks Tech Lab  
  54  4:52  SCV  
  54  4:53  SCV, Siege Tank  
  58  5:01  Supply Depot  
  58  5:02  Marine x2  
  58  5:04  SCV  
  58  5:05  SCV  
  62  5:08  Stimpack  
  62  5:09  Marine  
  62  5:11  Terran Infantry Weapons Level 1  
  63  5:15  Starport Reactor  
  63  5:17  SCV x2  
  63  5:19  Supply Depot  
  65  5:26  Marine x3  
  65  5:27  Combat Shield  
  68  5:29  SCV  
  68  5:32  SCV  
  68  5:35  Supply Depot  
  69  5:40  Marine  
  69  5:41  SCV, Siege Tank  
  74  5:43  Marine  
  74  5:44  Marine  
  74  5:45  Refinery  
  74  5:49  Marine  
  76  5:52  Supply Depot  
  77  5:58  Marine  
  77  6:02  Marine x2  
  77  6:03  SCV  
  81  6:09  Marine  
  81  6:10  Medivac x2  
  85  6:12  SCV  
  85  6:15  SCV, Supply Depot  
  85  6:16  Marine  
  88  6:18  Siege Tank  
  88  6:20  Marine  
  92  6:27  Marauder  
  92  6:28  Marine  
  92  6:29  SCV  
  96  6:34  Marauder, Supply Depot  
  96  6:38  Marine, Supply Depot  
  99  6:41  Missile Turret  
  99  6:43  Missile Turret  
  99  6:46  Marine  
  99  6:56  Marauder  
  99  6:57  Siege Tank  
  99  6:58  Marine  
  104  7:03  SCV  
  104  7:05  Marine  
  104  7:06  Marine, Medivac x2  
  109  7:12  SCV  
  109  7:15  SCV, Marine  
  110  7:17  Marine  
  112  7:23  Marine x2  
  112  7:25  SCV  
  112  7:27  SCV  
  111  7:33  Marine  
  89  7:43  Marine x3  
  89  7:44  Siege Tank  
  89  7:55  SCV x2  
Show
View Real Time Build Order
Export as new Build Order

Nice Protoss - Winner!

Build Orders: 1 Gate Expand, Oracle Opening 

Get SALT Encoding   

  12  0:00  Probe  
  13  0:12  Probe  
  14  0:18  Pylon  
  14  0:24  Probe (Chrono Boost)  
  15  0:37  Gateway  
  15  0:38  Probe (Chrono Boost)  
  16  0:42  Probe (Chrono Boost)  
  16  0:46  Assimilator  
  17  0:53  Probe  
  18  1:05  Probe  
  19  1:17  Probe  
  20  1:24  Cybernetics Core  
  20  1:33  Nexus  
  20  1:40  Pylon  
  20  1:45  Assimilator  
  20  1:47  Probe  
  21  1:58  Adept (Chrono Boost)  
  21  1:59  Probe  
  24  2:11  Probe  
  25  2:15  Stargate  
  25  2:18  Adept (Chrono Boost)  
  27  2:24  Probe  
  27  2:28  Shield Battery  
  28  2:32  Warp Gate  
  28  2:36  Probe (Chrono Boost)  
  29  2:42  Adept  
  31  2:45  Probe (Chrono Boost)  
  33  2:55  Probe x2 (Chrono Boost)  
  34  3:03  Probe, Oracle (Chrono Boost)  
  34  3:04  Probe  
  39  3:15  Probe  
  39  3:19  Probe  
  41  3:27  Probe  
  41  3:31  Probe  
  41  3:32  Oracle (Chrono Boost)  
  46  3:46  Probe x2, Gateway  
  46  3:49  Gateway  
  46  4:00  Pylon  
  46  4:02  Assimilator  
  46  4:13  Nexus  
  46  4:16  Pylon  
  46  4:18  Phoenix (Chrono Boost), Probe  
  46  4:24  Probe  
  49  4:31  Probe  
  50  4:35  Phoenix (Chrono Boost)  
  50  4:36  Probe, Shield Battery  
  53  4:43  Probe, Stalker x2  
  58  4:56  Phoenix (Chrono Boost)  
  58  4:57  Probe x2  
  58  4:59  Forge  
  62  5:05  Twilight Council  
  62  5:14  Pylon  
  62  5:19  Shield Battery  
  62  5:24  Phoenix, Probe x2  
  66  5:36  Gateway  
  66  5:37  Charge (Chrono Boost)  
  66  5:39  Gateway  
  66  5:40  Gateway  
  66  5:44  Stalker x2  
  66  5:48  Stalker  
  72  5:50  Probe  
  72  5:51  Probe, Protoss Ground Armor Level 1  
  72  5:52  Probe  
  75  5:58  Phoenix  
  75  6:03  Probe  
  79  6:11  Probe  
  79  6:14  Gateway  
  79  6:16  Gateway  
  79  6:19  Probe x2  
  79  6:23  Phoenix (Chrono Boost)  
  79  6:24  Pylon  
  83  6:26  Pylon  
  83  6:38  Zealot  
  85  6:42  Pylon  
  85  6:43  Pylon  
  85  6:45  Phoenix (Chrono Boost), Zealot  
  89  6:48  Zealot x2  
  89  6:54  Zealot x2  
  97  7:03  Zealot  
  99  7:10  Phoenix (Chrono Boost)  
  99  7:11  Pylon  
  99  7:12  Pylon  
  101  7:15  Zealot x4  
  101  7:22  Zealot  
  108  7:31  Phoenix (Chrono Boost)  
  90  7:41  Zealot x7  
  95  7:45  Zealot  
  95  7:50  Phoenix (Chrono Boost)  
  95  8:01  Zealot x4  
  95  8:02  Zealot x2  
  101  8:13  Zealot x2  
Tags
 
Add a new tag
Caveats
  • Supply blocks, unpowered buildings, or Contaminate may cause inaccurate times.
  • Supply counts are checked every 10 seconds.